 Dungeon Crawl Stone Soup version 0.14-a0-2839-g31ee8e6 (webtiles) character file.

819 Neoxx the Cudgeler (level 7, -6/67 HPs)
             Began as an Ogre Skald on Feb 26, 2014.
             Was an Initiate of Okawaru.
             Mangled by a centaur (8 damage)
             ... on Level 5 of the Dungeon.
             The game lasted 00:13:34 (3366 turns).

Neoxx the Cudgeler (Ogre Skald)                     Turns: 3366, Time: 00:13:34

HP  -6/67        AC  5     Str 18      XL: 7   Next: 35%
MP   4/4         EV  9     Int  9      God: Okawaru [......]
Gold 245         SH  0     Dex 11      Spells:  4 memorised,  1 level left

rFire  . . .     SeeInvis .     b - +8,+4 flail of Truth {antimagic, Int-2 Curse}
rCold  + . .     Clarity  .     o - +2 robe of the Armoured One {rPois rC+ rN+ Stlth}
rNeg   + . .     Conserve .     (shield restricted)
rPois  +         rCorr    .     (helmet restricted)
rElec  .         rRot     .     (no cloak)
SustAb . .       Spirit   .     (gloves unavailable)
rMut   .         Warding  .     (boots unavailable)
Saprov + . .     Stasis   .     (no amulet)
MR     .....                    (no ring)
                                (no ring)

@: drained, not resistant to hostile enchantments, unstealthy
A: unfitting armour, fast metabolism 1, saprovore 1, tough skin 1
a: Renounce Religion


You were on level 5 of the Dungeon.
You worshipped Okawaru.
Okawaru was noncommittal.
You were hungry.

You visited 1 branch of the dungeon, and saw 5 of its levels.

You collected 245 gold pieces.

Inventory:

Hand weapons
 a - a +0,+0 mace
 b - the +8,+4 flail of Truth (weapon) {antimagic, Int-2 Curse}
   (You found it on level 5 of the Dungeon)

   It disrupts the flow of magical energy around spellcasters and certain
   magical creatures (including the wielder).
   It affects your intelligence (-2).
   It may recurse itself when equipped.
 n - a +1,+0 falchion of draining
Missiles
 k - 18 stones
 l - 3 darts
 y - 2 large rocks (quivered)
 A - 3 tomahawks
Armour
 o - the +2 robe of the Armoured One (worn) {rPois rC+ rN+ Stlth}
   (You found it on level 4 of the Dungeon)

   It protects you from cold.
   It protects you from poison.
   It protects you from negative energy.
   It makes you more stealthy.
 p - a fire dragon hide
Magical devices
 i - a wand of enslavement (10)
 D - a wand of random effects (12)
Comestibles
 d - 3 meat rations
 h - a bread ration
 u - a pear
Scrolls
 e - a scroll of identify {unknown}
 f - a scroll of noise
 g - a scroll of enchant armour {unknown}
 j - a scroll of magic mapping {unknown}
 q - a scroll of teleportation
 t - a scroll of remove curse
 w - 2 scrolls of curse weapon {unknown}
 x - a scroll of blinking {unknown}
Jewellery
 J - a +4 ring of evasion {unknown}
Potions
 m - a potion of speed {unknown}
 r - a potion of invisibility {unknown}
 s - 2 potions of resistance {unknown}
 v - 5 potions of curing {unknown}
 E - a potion of restore abilities {unknown}
 F - a potion of confusion {unknown}
Books
 c - a book of Battle

   Spells                             Type                      Level
   *Infusion                          Charms                       1
   Shroud of Golubria                 Charms/Translocation         2
   *Song of Slaying                   Charms                       2
   *Spectral Weapon                   Hexes/Charms                 3
   *Regeneration                      Charms/Necromancy            3


   Skills:
 - Level 3.0(2.5) Fighting
 + Level 7.4(6.8) Maces & Flails
 - Level 2.0(1.5) Throwing
 - Level 1.3(0.8) Dodging
 + Level 2.4(1.9) Spellcasting
 - Level 2.1(1.6) Hexes
 - Level 2.6(2.1) Charms
 - Level 2.1(1.6) Necromancy


You had one spell level left.
You knew the following spells:

 Your Spells              Type           Power        Failure   Level  Hunger
a - Infusion              Chrm           #.....       14%         1    ##.....
b - Song of Slaying       Chrm           #.......     21%         2    ###....
c - Regeneration          Chrm/Necr      #.........   56%         3    ####...
d - Spectral Weapon       Hex/Chrm       #.......     56%         3    ####...


Dungeon Overview and Level Annotations

Branches:
Dungeon (5/16)
 Temple: D:4-7

Altars:
Okawaru


Innate Abilities, Weirdness & Mutations

You are too large for most types of armour.
You have a fast metabolism.
You can tolerate rotten meat.
You have tough skin (AC +1).


Message History

The orc priest is severely wounded.
The centaur hits you but does no damage.
The centaur closely misses you.
The orc priest hits you but does no damage.
Your orc hits the centaur from afar with a trident.
You hit the orc priest.
The orc priest is severely wounded.
The centaur hits you.
* * * LOW HITPOINT WARNING * * *
The orc hits you but does no damage.
The orc priest hits you but does no damage.
Your orc hits the centaur from afar with a trident.
The centaur hits you!
* * * LOW HITPOINT WARNING * * *
You barely miss the orc priest.
The orc priest is severely wounded.
The orc hits you with a dagger.
* * * LOW HITPOINT WARNING * * *
The centaur hits you!
You die...

.# .# .# .#
.# # ###$##.#
#((....#
######(#o#?.#
#......@....#
#.####c#o#.##
#.....#
.o......
#..#.##..#
#.###. ... ..
#. . #. # %


You could see a centaur, an orc priest, an orc and a friendly orc.

Vanquished Creatures
  Eustachio (D:5)
  An ogre (D:3)
  The ghost of Yllodra the Insei, a weakling DgTm (D:3)
  An orc priest (D:3)
  An orc wizard (D:3)
  A worker ant (D:4)
  Ijyb (D:3)
  Terence (D:3)
  A hound skeleton (D:4)
  7 adders
  2 giant mites
  A white imp (D:5)
  2 worms
  An ooze (D:1)
  8 orcs
  5 giant cockroaches
  11 goblins
  11 hobgoblins
  8 jackals
  A quokka (D:4)
  A ball python (D:4)
  7 bats
  3 giant geckos (D:2)
  7 giant newts
  13 kobolds
  7 rats
104 creatures vanquished.

Notes
Turn   | Place    | Note
--------------------------------------------------------------
     0 | D:1      | Neoxx, the Ogre Skald, began the quest for the Orb.
     0 | D:1      | Reached XP level 1. HP: 22/22 MP: 3/3
    71 | D:1      | Reached skill level 3 in Maces & Flails
    71 | D:1      | Reached XP level 2. HP: 21/29 MP: 0/5
    75 | D:1      | Learned a level 2 spell: Song of Slaying
   814 | D:2      | Reached XP level 3. HP: 36/36 MP: 2/6
   823 | D:2      | Reached skill level 4 in Maces & Flails
  1115 | D:2      | Learned a level 3 spell: Regeneration
  1455 | D:2      | Reached XP level 4. HP: 23/45 MP: 0/8
  1558 | D:3      | Noticed Terence
  1576 | D:3      | Killed Terence
  1761 | D:3      | Reached skill level 1 in Throwing
  1864 | D:3      | Noticed an ogre
  1866 | D:3      | Killed an ogre
  1866 | D:3      | Reached skill level 5 in Maces & Flails
  1866 | D:3      | Reached skill level 1 in Necromancy
  1866 | D:3      | Reached XP level 5. HP: 45/53 MP: 7/9
  2048 | D:3      | Noticed Ijyb
  2064 | D:3      | Killed Ijyb
  2105 | D:3      | Reached XP level 6. HP: 27/61 MP: 4/11
  2159 | D:3      | Reached skill level 6 in Maces & Flails
  2164 | D:3      | Learned a level 3 spell: Spectral Weapon
  2202 | D:3      | Noticed Yllodra's ghost (weakling DgTm)
  2208 | D:3      | Killed Yllodra's ghost
  2487 | D:4      | Reached skill level 1 in Hexes
  2734 | D:4      | Got a steaming robe
  2740 | D:4      | Identified the +2 robe of the Armoured One {rPois rC+ rN+ Stlth} (You found it on level 4 of the Dungeon)
  2796 | D:4      | Found an iron altar of Okawaru.
  2845 | D:4      | Became a worshipper of Warmaster Okawaru
  3276 | D:5      | Entered Level 5 of the Dungeon
  3279 | D:5      | Reached XP level 7. HP: 62/67 MP: 9/12
  3299 | D:5      | Noticed Eustachio
  3324 | D:5      | Killed Eustachio
  3324 | D:5      | Reached skill level 7 in Maces & Flails
  3346 | D:5      | Got a twisted flail
  3347 | D:5      | Identified the cursed +8,+4 flail of Truth {antimagic, Int-2 Curse} (You found it on level 5 of the Dungeon)
  3366 | D:5      | HP: 2/67 [orc/dagger (5)]
  3366 | D:5      | Mangled by a centaur

Action                   |  1- 3 |  4- 6 |  7- 9 || total
-------------------------+-------+-------+-------++-------
Melee: Mace              |   106 |   165 |    16 ||   287
       Flail             |       |       |     5 ||     5
Throw: Large rock        |       |    39 |     8 ||    47
       Stone             |       |     1 |       ||     1
 Cast: Infusion          |    17 |    23 |     1 ||    41
       Song of Slaying   |     2 |     4 |       ||     6
       Regeneration      |       |     2 |     1 ||     3
Evoke: Wand              |       |     2 |     1 ||     3
  Use: Scroll            |       |       |     4 ||     4
